 Dungeon Crawl Stone Soup version 0.23-a0-612-gcb482e9 (console) character file.

18 Duffy the Chopper (level 2, 7/26 HPs)
             Began as a Naga Gladiator on Dec 21, 2018.
             Quit the game on level 2 of the Dungeon.
             The game lasted 00:00:22 (291 turns).

Duffy the Chopper (Naga Gladiator)                   Turns: 291, Time: 00:00:22

Health: 7/26       AC:  3    Str: 16    XL:     2   Next: 70%
Magic:  2/2        EV: 10    Int:  8    God:
Gold:   0          SH:  0    Dex: 12    Spells: 1/1 levels left

rFire    . . .     SeeInvis +   a - +0 war axe
rCold    . . .     Gourm    .   (no shield)
rNeg     . . .     Faith    .   b - +0 leather armour
rPois    +         Spirit   .   c - +0 helmet
rElec    .         Reflect  .   (no cloak)
rCorr    .         Harm     .   (no gloves)
MR       .....                  (no barding)
Stlth    +.........             (no amulet)
HPRegen  0.08/turn              (no ring)
MPRegen  0.08/turn              (no ring)

@: short of breath, very slow
A: large, see invisible, deformed body, poison resistance, slowness 2, slow
metabolism 1, spit poison 1, AC +0
a: Spit Poison


You were on level 2 of the Dungeon.
You were not hungry.

You visited 1 branch of the dungeon, and saw 3 of its levels.

Inventory:

Hand Weapons
 a - a +0 war axe (weapon)
Missiles
 d - 3 throwing nets (quivered)
Armour
 b - a +0 leather armour (worn)
 c - a +0 helmet (worn)
Comestibles
 f - a ration


   Skills:
 - Level 2.0 Fighting
 + Level 3.9 Axes
 - Level 1.7 Throwing
 - Level 2.4 Dodging


You had one spell level left.
You didn't know any spells.
Your spell library was empty.

Dungeon Overview and Level Annotations

Branches:
Dungeon (3/15)

Altars:


Innate Abilities, Weirdness & Mutations

You cannot wear boots.
Your serpentine skin is tough. (AC +0)
You have supernaturally acute eyesight. (SInv)
Armour fits poorly on your strangely shaped body.
Your system is resistant to poisons. (rPois)
You cover ground very slowly.
You have a slow metabolism.
You can spit poison.


Message History

An orc comes into view. It is wielding a +0 whip.
The orc moves out of view.
There is a stone staircase leading up here.
You see here a stone.
The orc hits you with a +0 club. The orc completely misses you.
The orc hits you. The orc closely misses you.
You climb upwards.
You have got your breath back.
There is a stone staircase leading down here.
You hit the orc but do no damage. x2; You hit the orc. x2
The orc hits you but does no damage. The orc hits you.
The orc hits you with a +0 club. The orc hits you but does no damage.
Press: ? - help, Shift-Dir - straight line, f - orc
Aim: an orc, wielding a +0 club and wearing a +0 chain mail The splash of poison hits the orc.
The orc is poisoned.
The orc is moderately wounded.
You feel slightly more hungry. The orc hits you but does no damage.
The orc barely misses you. The orc hits you with a +0 club.
The orc closely misses you.
Are you sure you want to abandon this character and quit the game? (Confirm

.# ###.#
#<#.###.## #
#.........
#.#.#.######
#.#%#.#
#.....#
##.#..ooo#
......o@##
##.###### #%
#


You could see 4 orcs.

Vanquished Creatures
  An adder (D:2)
  A giant cockroach (D:1)
  A goblin (D:3)
  2 hobgoblins
  2 kobolds
  2 rats
9 creatures vanquished.

Notes
Turn   | Place    | Note
-------+----------+-------------------------------------------
     0 | D:1      | Duffy the Naga Gladiator began the quest for the Orb.
     0 | D:1      | Reached XP level 1. HP: 19/19 MP: 1/1
   280 | D:3      | Reached XP level 2. HP: 26/26 MP: 2/2
   291 | D:2      | Quit the game

Vault maps used:
D:1:      lightli_arrival_chessboard, chequers_serial_rivers_micro_c
D:2:      trog_three_pillars_becter
D:3:      guppyfry_early_orc_mine, uniq_crazy_yiuf_cottage, uniq_terence,
          uniq_ijyb

Action                   || total
-------------------------++-------
Melee: War axe           ||    16
 Abil: Spit Poison       ||     2
Armor: Leather armour    ||     5
Dodge: Dodged            ||    14

Table legend:
 A = Non-vault XP
 B = Vault XP
 C = Vault XP percentage of total XP
 D = Non-vault monster count
 E = Vault monster count
 F = Vault count percentage of total count
                 A         B        C        D         E       F
            +---------+---------+-------+---------+---------+-------
      Total |      27 |       0 |   0.0 |       9 |       0 |   0.0
            +---------+---------+-------+---------+---------+-------
        D:1 |       7 |       0 |   0.0 |       4 |       0 |   0.0
        D:2 |      15 |       0 |   0.0 |       2 |       0 |   0.0
        D:3 |       5 |       0 |   0.0 |       3 |       0 |   0.0
            +---------+---------+-------+---------+---------+-------
